 Dungeon Crawl Stone Soup version 0.31-a0-702-gf82c85558f (webtiles) character file.

Game seed: 15507824015222528662

298 qw the Shooter (level 6, 0/38 HPs)
             Began as a Gargoyle Hunter on Sept 8, 2023.
             Slain by Prince Ribbit (12 damage)
             ... on level 5 of the Dungeon.
             The game lasted 00:01:12 (3956 turns).

qw the Shooter (Gargoyle Hunter)                    Turns: 3956, Time: 00:01:13

Health: 0/38       AC:  7    Str: 15    XL:     6   Next: 35%
Magic:  0/0        EV: 12    Int: 12    God:
Gold:   218        SH:  0    Dex: 18    Spells: 5/5 levels left

rFire   . . .        Y - +1 shortbow
rCold   . . .        (shield currently unavailable)
rNeg    + . .        h - +1 robe of Unairgh {MP-9 Int+3 Dex+3}
rPois   inf          (no helmet)
rElec   +            (no cloak)
rCorr   .            (no gloves)
SInv    .            (no boots)
Will    .....        (no amulet)
Stlth   ++           (no ring)
HPRegen 0.26/turn    (no ring)
MPRegen 0.07/turn

%: no passive effects
@: no status effects
A: sickness immunity, AC +4, negative energy resistance 1, electricity
resistance, torment resistance 1, petrification resistance
a: no special abilities


You were on level 5 of the Dungeon.
You visited 2 branches of the dungeon, and saw 6 of its levels.

You collected 218 gold pieces.


Innate Abilities, Weirdness & Mutations

You are immune to sickness and miasma.
Your stone body is resilient. (AC +4)
You are immune to poison.
You resist negative energy. (rN+)
You are resistant to electric shocks. (rElec)
You are resistant to unholy torment.
You are immune to petrification.


   Skills:
 + Level 3.9 Fighting
 - Level 6.5 Ranged Weapons
 - Level 2.0 Dodging
 - Level 1.1 Stealth


You had 5 spell levels left.
You didn't know any spells.
Your spell library was empty.

Inventory:

Hand Weapons
 Y - a +1 shortbow (weapon)
Armour
 h - the +1 robe of Unairgh (worn) {MP-9 Int+3 Dex+3}
   (You found it on level 4 of the Dungeon)

   Int+3:     It affects your intelligence (+3).
   Dex+3:     It affects your dexterity (+3).
   MP-9:      It affects your magic capacity (-9).
Scrolls
 a - a scroll of identify
Potions
 b - 2 potions of curing
 f - a potion of lignification {unknown}

Dungeon Overview and Level Annotations

Branches:
Dungeon (5/15)             Temple (1/1) D:4

Altars:
Ashenzari
Cheibriados
Dithmenos
Nemelex Xobeh
Qazlal
Ru
Trog
Uskayaw
Vehumet
Wu Jian
Xom
The Shining One

Shops:
D:5 *

Annotations:
D:5 Pikel, Prince Ribbit


Message History

You kill the scorpion!
3817 ||| STAIRDANCE You climb upwards.
There is a stone staircase leading down here.
You start resting.
HP restored.
Partly explored, can't reach some items.
What level of the Dungeon? (default 5, ? - help)
You climb downwards.
Level annotation: Pikel
There is a stone staircase leading up here.
There is an entrance to Cubrif's General Store here.
Found an escape hatch in the ceiling.
You now have 218 gold pieces (gained 14).
An adder comes into view.
You shoot an arrow. The arrow hits the adder!
The adder hisses angrily.
The adder is almost dead.
You shoot an arrow. The arrow hits the adder.
You kill the adder!
Prince Ribbit comes into view.
You shoot an arrow. The arrow hits Prince Ribbit.
Prince Ribbit croaks.
Prince Ribbit is lightly wounded.
Prince Ribbit blinks!
Prince Ribbit catches a baby bat with his tongue.
Prince Ribbit completely misses you.
You shoot an arrow. The arrow barely misses Prince Ribbit.
Prince Ribbit closely misses you.
You shoot an arrow. The arrow closely misses Prince Ribbit.
Prince Ribbit blinks!
Prince Ribbit lets out a mournful croak.
Prince Ribbit blinks!
You shoot an arrow. The arrow misses Prince Ribbit.
Prince Ribbit hits you!
You shoot an arrow. The arrow closely misses Prince Ribbit.
Prince Ribbit hits you!
A scorpion comes into view.
Prince Ribbit hits you!
You die...

........# ........# ...#
........# ... .\......##
#.. .......... .. .
.......### #. #..
#.....## #.### .. ##..###
#...#.#### ##.###
########@....... #...#
#......F.....#.s
###.###.#.........#...
#####.##...ยค######......
.........#.## #.....
...........# .....
.....#..#### ....
........# .##. ....<##.#


You could see Prince Ribbit and a scorpion (wandering).

Vanquished Creatures
  2 lemures (D:5)
  A phantom (D:4)
  A scorpion (D:5)
  A hound (D:4)
  An iguana (D:5)
  3 gnolls (D:2)
  2 adders
  2 dart slugs
  3 orcs
  5 bats
  6 endoplasms
  A giant cockroach (D:3)
  5 goblins
  5 hobgoblins
  2 quokkas
  6 ball pythons
  8 frilled lizards
  3 kobolds
  5 rats
62 creatures vanquished.

Notes
Turn   | Place    | Note
-------+----------+-------------------------------------------
     0 | D:1      | qw the Gargoyle Hunter began the quest for the Orb.
     0 | D:1      | Reached XP level 1. HP: 12/12 MP: 1/1
     0 | D:1      | 0 ||| qw: Version: 0.3-a-76-g4403597
     0 | D:1      | 0 ||| qw: Game counter: 1029
     0 | D:1      | 0 ||| qw: Melee chars always use a shield: true
     0 | D:1      | 0 ||| qw: God list: Okawaru
     0 | D:1      | 0 ||| qw: Allow faded altars: false
     0 | D:1      | 0 ||| qw: Do Orc after clearing Dungeon:15 true
     0 | D:1      | 0 ||| qw: Do second Lair branch before Depths: true
     0 | D:1      | 0 ||| qw: Lair rune preference: random
     0 | D:1      | 0 ||| qw: Goals: Normal
     0 | D:1      | 0 ||| PLANNING D:1-11
   157 | D:1      | Reached XP level 2. HP: 17/17 MP: 2/2
   739 | D:1      | Reached XP level 3. HP: 21/21 MP: 3/3
   782 | D:1      | 782 ||| DROPPING scroll of butterflies.
   830 | D:2      | Reached skill level 5 in Ranged Weapons
   922 | D:2      | Found a faded altar of an unknown god.
  1242 | D:2      | Reached skill level 3 in Fighting
  1251 | D:2      | HP: 5/23 [gnoll/+0 whip (4)]
  1253 | D:2      | Reached XP level 4. HP: 6/28 MP: 4/4
  1488 | D:2      | 1488 ||| READING 3 scrolls labelled SIAF ILUHATS.
  1489 | D:2      | 1489 ||| READING 2 scrolls labelled JIOR VEOREPOA.
  1490 | D:2      | 1490 ||| READING scroll labelled IRAPRY VUAN.
  1491 | D:2      | 1491 ||| READING scroll labelled SAALUV YMAEX.
  1492 | D:2      | 1492 ||| READING scroll labelled QITRAI NATOROG.
  1493 | D:2      | 1493 ||| READING 2 scrolls of identify.
  1493 | D:2      | 1493 ||| IDENTIFYING golden potion
  1494 | D:2      | 1494 ||| DROPPING potion of brilliance.
  1495 | D:2      | 1495 ||| DROPPING scroll of immolation.
  2274 | D:3      | 2274 ||| READING scroll labelled KAOKKY GIRPH.
  2275 | D:3      | 2275 ||| READING 2 scrolls labelled LIAXOULYPSA.
  2280 | D:3      | 2280 ||| READING scroll labelled YMIKU ITS.
  2426 | D:4      | Reached XP level 5. HP: 16/32 MP: 5/5
  2797 | D:4      | Identified the +1 robe of Unairgh {MP-9 Int+3 Dex+3}
  2914 | D:4      | Noticed a phantom
  2927 | D:4      | HP: 3/32 [phantom (6)]
  2928 | D:4      | 2928 ||| READING 2 scrolls of teleportation.
  3334 | D:4      | Killed a phantom
  3335 | D:4      | Reached skill level 6 in Ranged Weapons
  3482 | D:4      | Found a staircase to the Ecumenical Temple.
  3483 | D:4      | 3483 ||| PLANNING TEMPLE
  3483 | D:4      | 3483 ||| UPGRADING to +0 ring mail.
  3493 | D:4      | 3493 ||| DROPPING +0 leather armour.
  3494 | D:4      | 3494 ||| UPGRADING to +1 robe of Unairgh {MP-9 Int+3
                  | Dex+3}.
  3504 | D:4      | 3504 ||| DROPPING +0 ring mail.
  3505 | D:4      | 3505 ||| READING scroll labelled GANGO RITEV.
  3505 | D:4      | Identified a scroll of acquirement
  3505 | D:4      | 3505 ||| ACQUIRING ring "Nyakkouc" {Wiz rF+}
  3505 | D:4      | Acquired the ring "Nyakkouc" {Wiz rF+}
  3506 | D:4      | 3506 ||| DRINKING 3 murky white potions.
  3515 | Temple   | Entered the Ecumenical Temple
  3516 | Temple   | 3516 ||| PLANNING D:1-11
  3584 | D:5      | Entered Level 5 of the Dungeon
  3602 | D:5      | Noticed a lemure
  3613 | D:5      | Killed a lemure
  3614 | D:5      | 3614 ||| FLEEEEING.
  3615 | D:5      | 3615 ||| FLEEEEING.
  3616 | D:5      | 3616 ||| FLEEEEING.
  3617 | D:5      | 3617 ||| FLEEEEING.
  3618 | D:5      | 3618 ||| FLEEEEING.
  3619 | D:5      | 3619 ||| FLEEEEING.
  3620 | D:5      | 3620 ||| FLEEEEING.
  3621 | D:5      | 3621 ||| FLEEEEING.
  3622 | D:5      | 3622 ||| STAIRDANCE
  3649 | D:4      | 3649 ||| READING 2 scrolls labelled JUOJAO JINALI.
  3650 | D:4      | 3650 ||| DROPPING scroll of fog.
  3655 | D:5      | Reached XP level 6. HP: 37/37 MP: 0/6
  3666 | D:5      | Noticed Pikel
  3667 | D:5      | 3667 ||| Stepping ~*~*~tactically~*~*~ (retreating).
  3668 | D:5      | 3668 ||| Stepping ~*~*~tactically~*~*~ (retreating).
  3676 | D:5      | HP: 7/37 [lemure[Pikel] (5)]
  3677 | D:5      | 3677 ||| READING scroll of teleportation.
  3681 | D:5      | Found Cubrif's General Store.
  3682 | D:5      | 3682 ||| FLEEEEING.
  3683 | D:5      | 3683 ||| FLEEEEING.
  3684 | D:5      | 3684 ||| FLEEEEING.
  3685 | D:5      | 3685 ||| STAIRDANCE
  3817 | D:5      | 3817 ||| STAIRDANCE
  3951 | D:5      | Noticed Prince Ribbit
  3956 | D:5      | Slain by Prince Ribbit

Levels and vault maps discovered:
D:1:      minmay_arrival_widening_spiral_wide, layout_basic, minivault_24,
          minmay_misc_feat_more_columns, minmay_misc_feat_chi
D:2:      layout_loops_ring, ebering_ecumenical_altar_box
D:3:      layout_loops_ring, minmay_liquid_box
D:4:      layout_loops_corners, lemuel_temple_firewalk_a, serial_aquarium,
          aquarium_bridge_square [aquarium_subvault_wall,
          aquarium_subvault_bridge, aquarium_subvault_bridge,
          aquarium_subvault_bridge], aquarium_bridge_island_small
          [aquarium_subvault_small_water, aquarium_subvault_bridge,
          aquarium_subvault_bridge, aquarium_subvault_bridge,
          aquarium_subvault_wall], aquarium_window_fake, aquarium_window_fake,
          aquarium_window_fake, aquarium_window_corridor_3, aquarium_view_2b,
          aquarium_balcony_1a
D:5:      layout_rooms, serial_shops, shop, uniq_pikel, uniq_prince_ribbit1
Temple:   hc_temple_tempest_star

Skill      XL: |  1  2  3  4  5 |
---------------+----------------+-----
Ranged Weapons | 5 6 |  6.5
Fighting       | 3 |  3.9
Dodging        | 2 |  2.0
Stealth        | |  1.1

Action                     |  1- 3 |  4- 6 || total
---------------------------+-------+-------++-------
   Fire: Shortbow          |    94 |   159 ||   253
    Use: Scroll            |       |    13 ||    13
         Potion            |       |     1 ||     1
 Armour: Leather armour    |    32 |    39 ||    71
         Robe              |       |    26 ||    26
  Dodge: Dodged            |    24 |    46 ||    70

Table legend:
 A = Non-vault XP
 B = Vault XP
 C = Vault XP percentage of total XP
 D = Non-vault monster count
 E = Vault monster count
 F = Vault count percentage of total count
                 A         B        C        D         E       F
            +---------+---------+-------+---------+---------+-------
      Total |     426 |       0 |   0.0 |      60 |       0 |   0.0
            +---------+---------+-------+---------+---------+-------
        D:1 |      35 |       0 |   0.0 |      23 |       0 |   0.0
        D:2 |      51 |       0 |   0.0 |       9 |       0 |   0.0
        D:3 |      40 |       0 |   0.0 |      17 |       0 |   0.0
        D:4 |     163 |       0 |   0.0 |       8 |       0 |   0.0
        D:5 |     137 |       0 |   0.0 |       3 |       0 |   0.0
            +---------+---------+-------+---------+---------+-------
